 Seeded DCSS version 0.31-a0-229-g1fc7ce93e2 (webtiles) character file.

Game seed: 13937975146149139884 (custom seed)

534 innerfire43 the Chopper (level 7, 0/55 HPs)
             Began as a Demonspawn Monk on July 6, 2023.
             Was a Believer of Cheibriados.
             Slain by a gnoll sergeant
             ... wielding a +0 trident
              (10 damage)
             ... on level 5 of the Dungeon.
             The game lasted 00:02:58 (2807 turns).

innerfire43 the Chopper (Demonspawn Monk)           Turns: 2807, Time: 00:02:59

Health: 0/55       AC:  4    Str: 23    XL:     7   Next: 4%
Magic:  7/7        EV: 14    Int: 15    God:    Cheibriados [**....]
Gold:   182        SH:  5    Dex: 20    Spells: 6/6 levels left

rFire   . . .        y - +0 war axe
rCold   . . .        d - orb {light}
rNeg    . . .        B - +2 robe {Will+}
rPois   .            (no helmet)
rElec   .            (no cloak)
rCorr   .            (no gloves)
SInv    .            (no boots)
Will    +....        n - amulet of reflection
Stlth   +            i - +6 ring of strength
HPRegen 0.29/turn    (no ring)
MPRegen 0.10/turn

%: reflection
@: glowing, very slow
A: weakness stinger 1
a: Renounce Religion, Bend Time


You were on level 5 of the Dungeon.
You worshipped Cheibriados.
Cheibriados was pleased with you.
You visited 1 branch of the dungeon, and saw 5 of its levels.

You collected 182 gold pieces.

Inventory:

Hand Weapons
 a - a +0 hand axe
 y - a +0 war axe (weapon)
Armour
 b - a +0 robe
 d - an orb of light (worn)
 B - a +2 robe of willpower (worn)
Jewellery
 i - a +6 ring of strength (left hand)
 k - a ring of ice
 n - an amulet of reflection (around neck)
Wands
 z - a wand of iceblast (11)
Scrolls
 g - 4 scrolls of identify {unknown}
 h - 2 scrolls of revelation {unknown}
 m - 2 scrolls of brand weapon {unknown}
 o - a scroll of torment {unknown}
 p - a scroll of blinking {unknown}
 q - 4 scrolls of amnesia {unknown}
 r - 3 scrolls of noise {unknown}
 s - a scroll of poison {unknown}
 t - a scroll of butterflies {unknown}
Potions
 e - a potion of attraction {unknown}
 f - 2 potions of brilliance {unknown}
 j - a potion of magic {unknown}
 l - 2 potions of resistance {unknown}
 u - a potion of cancellation {unknown}
 v - a potion of curing {unknown}
 w - a potion of might {unknown}
 x - 2 potions of haste {unknown}
 A - a potion of mutation {unknown}


   Skills:
 + Level 4.8 Fighting
 * Level 5.4 Axes
 + Level 4.3 Dodging


You had 6 spell levels left.
You didn't know any spells.
Your spell library contained the following spells:

 Spells                   Type           Power      Damage    Failure   Level
 Sandblast                Erth           0%         2d4       26%         1
 Passwall                 Tmut/Erth      0%         N/A       38%         2
 Stone Arrow              Conj/Erth      0%         3d7       63%         3


Dungeon Overview and Level Annotations

Branches:
Dungeon (5/15)             Temple (0/1) D:4

Altars:
Cheibriados
Dithmenos
Uskayaw


Innate Abilities, Weirdness & Mutations

You have a small tail.


Message History

Cheibriados thoroughly appreciates the change of pace.
The gnoll sergeant hits you from afar with a +0 trident!
Unknown command.
A gnoll comes into view. It is wielding a +0 flail.
The gnoll sergeant hits you from afar with a +0 trident.
* * * LOW HITPOINT WARNING * * *
You see here a +0 hand axe.
The gnoll shouts!
You slash the gnoll!
The gnoll is severely wounded.
A gnoll comes into view. It is wielding a +0 spear.
You block the gnoll sergeant's attack.
The gnoll sergeant hits you from afar with a +0 trident.
* * * LOW HITPOINT WARNING * * *
A gnoll comes into view. It is wielding a +0 spear.
The gnoll barely misses you.
You are confused.
You feel invigorated. The gnoll barely misses you.
The gnoll sergeant barely misses you. The gnoll hits you with a +0 whip.
* * * LOW HITPOINT WARNING * * *
Unknown command.
You're too confused to move!
The gnoll hits you but does no damage.
The gnoll sergeant hits you from afar with a +0 trident!
* * * LOW HITPOINT WARNING * * *
The gnoll hits you with a +0 whip.
* * * LOW HITPOINT WARNING * * *
Unknown command.
You slash the gnoll!
You kill the gnoll!
Cheibriados thoroughly appreciates the change of pace.
The gnoll sergeant hits you from afar with a +0 trident.
* * * LOW HITPOINT WARNING * * *
The gnoll closely misses you.
Unknown command.
You're too confused to move!
The gnoll barely misses you. The gnoll sergeant barely misses you.
You feel less invigorated.
You feel less confused.
The gnoll sergeant hits you from afar with a +0 trident!
You die...

### #..
#.# #.#
#.# #
#$####.#<
#.#
#<.......
..
#.####...
##.#@#
#gg.)#
#....#
#.##.#
... ..#
#.. .##
+. .. #.
.. ...


You could see a gnoll sergeant and a gnoll.

Vanquished Creatures
  Menkaure (D:4)
  An ogre (D:4)
  A centaur (D:3)
  2 howler monkeys (D:4)
  An orc priest (D:4)
  A sleepcap (D:4)
  An orc wizard (D:4)
  A gnoll (D:5)
  2 adders
  4 worms
  3 dart slugs
  11 orcs
  11 bats
  7 endoplasms
  5 giant cockroaches
  4 hobgoblins
  5 kobolds
  3 quokkas (D:2)
  10 ball pythons
  5 frilled lizards
  5 goblins
  8 rats
92 creatures vanquished.

Notes
Turn   | Place    | Note
-------+----------+-------------------------------------------
     0 | D:1      | innerfire43 the Demonspawn Monk began the quest for the
                  | Orb.
     0 | D:1      | Reached XP level 1. HP: 18/18 MP: 1/1
     7 | D:1      | You fall into a shaft and drop 1 floor!
   104 | D:2      | Reached skill level 3 in Axes
   104 | D:2      | Gained mutation: You have a small tail. [demonic ancestry]
   104 | D:2      | Reached XP level 2. HP: 15/24 MP: 2/2
   603 | D:2      | Reached XP level 3. HP: 29/29 MP: 3/3
   894 | D:1      | Found a faded altar of an unknown god.
  1194 | D:1      | Reached XP level 4. HP: 33/36 MP: 4/4
  1652 | D:3      | Found a shadowy altar of Dithmenos.
  1653 | D:3      | Found a snail-covered altar of Cheibriados.
  1788 | D:3      | Noticed a centaur
  1801 | D:3      | Killed a centaur
  1802 | D:3      | Reached skill level 4 in Axes
  1802 | D:3      | Reached XP level 5. HP: 11/42 MP: 5/5
  1852 | D:3      | Became a worshipper of Cheibriados the Contemplative
  1852 | D:3      | Reached * piety under Cheibriados
  1852 | D:3      | Reached ** piety under Cheibriados
  2269 | D:4      | Found a hide-covered altar of Uskayaw.
  2287 | D:4      | Found a staircase to the Ecumenical Temple.
  2350 | D:4      | Noticed an ogre
  2353 | D:4      | Noticed Menkaure
  2358 | D:4      | Killed an ogre
  2365 | D:4      | Killed Menkaure
  2366 | D:4      | Reached skill level 5 in Axes
  2366 | D:4      | Reached XP level 6. HP: 49/49 MP: 6/6
  2792 | D:5      | Entered Level 5 of the Dungeon
  2800 | D:5      | Reached XP level 7. HP: 28/55 MP: 7/7
  2805 | D:5      | HP: 2/55 [gnoll sergeant/+0 trident (6)]
  2807 | D:5      | Slain by a gnoll sergeant

Illustrated notes

Levels and vault maps discovered:
D:1:      sevenhm_arrival_forest_fort_small_6, layout_rooms,
          hellmonk_ecumenical_altar_blasted
D:2:      kennysheep_big_flooded_room, layout_basic, minmay_circle_x
D:3:      layout_loops_ring, grunt_temple_overflow_open,
          hangedman_abyss_or_decor_lesser_grid
D:4:      layout_cave_pools, general_overflow_altar,
          minmay_temple_entry_nine_rooms, minmay_misc_feat_nine_boxes,
          uniq_menkaure
D:5:      layout_basic, gammafunk_ghost_abyssal_escape, serial_shops,
          nicolae_shop_pleasant_corner_grove, uniq_sigmund

Skill      XL: |  1  2  3  4  5 |
---------------+----------------+-----
Axes           | 3 4 5 |  5.4
Dodging        | 3 4 |  4.3
Fighting       | 4 |  4.8

Action                     |  1- 3 |  4- 6 |  7- 9 || total
---------------------------+-------+-------+-------++-------
  Melee: Hand axe          |    91 |    66 |       ||   157
         Tailslap          |    10 |    12 |       ||    22
         War axe           |       |    32 |     3 ||    35
    Use: Potion            |     1 |     1 |     1 ||     3
 Armour: Robe              |    21 |     9 |     1 ||    31
  Dodge: Dodged            |    62 |    82 |     6 ||   150
  Block: Orb               |       |    31 |     1 ||    32
         Reflection        |       |     2 |       ||     2

Table legend: (Time is in decaauts)
 A = Elapsed time spent in this place.
 B = Non-inter-level travel time spent in this place.
 C = Inter-level travel time spent in this place.
 D = Time resting spent in this place.
 E = Time spent auto-exploring this place.
 F = Levels seen in this place.
 G = Mean time per level.
                   A        B        C        D        E       F      G
               +--------+--------+--------+--------+--------+-----+--------+
         Total |   3162 |   2948 |    214 |      0 |   2402 |   5 |  632.4 |
       Dungeon |   3162 |   2948 |    214 |      0 |   2402 |   5 |  632.4 |
               +--------+--------+--------+--------+--------+-----+--------+

Top non-repeatable levels by time:
     D:2: 973 daAuts
     D:3: 872 daAuts
     D:4: 819 daAuts
     D:1: 480 daAuts
     D:5: 18 daAuts
